 Dungeon Crawl Stone Soup version 0.26-a0-1013-gf6ffb0d6bd (webtiles) character file.

Game seed: 2578701531036827776

916 streetpizza the Conjurer (level 7, -28/59 HPs)
             Began as a Purple Draconian Conjurer on Dec 7, 2020.
             Annihilated by an ogre
             ... wielding a +0 giant club
              (29 damage)
             ... on level 5 of the Dungeon.
             The game lasted 00:10:49 (4906 turns).

streetpizza the Conjurer (DrCj)                     Turns: 4906, Time: 00:10:49

Health: -28/59     AC: 10    Str: 13 (15) XL:     7   Next: 83%
Magic:  14/14      EV: 12    Int: 18 (21) God:
Gold:   196        SH:  0    Dex:  6 (9)  Spells: 13/16 levels left

rFire    + . .     SeeInvis .   k - +3 quarterstaff (chaos)
rCold    . . .     Faith    .   (shield currently unavailable)
rNeg     . . .     Spirit   .   (armour unavailable)
rPois    .         Reflect  .   (helmet restricted)
rElec    .         Harm     .   l - +0 cloak
rCorr    .         Rampage  .   (no gloves)
Will     +....                  p - +2 pair of boots
Stlth    +.........             (no amulet)
HPRegen  0.19/turn              e - +6 ring of strength
MPRegen  0.14/turn              j - ring of protection from fire

@: short of breath
A: breathe power, unfitting armour, cold-blooded, AC +6
a: Breathe Dispelling Energy


You were on level 5 of the Dungeon.
You visited 1 branch of the dungeon, and saw 5 of its levels.

You collected 196 gold pieces.

Inventory:

Hand Weapons
 b - a +2 mace of holy wrath
 k - a +3 quarterstaff of chaos (weapon)
Missiles
 r - 29 poisoned darts (quivered)
 s - 6 silver javelins
Armour
 l - a +0 cloak (worn)
 p - a +2 pair of boots (worn)
Jewellery
 e - a +6 ring of strength (left hand)
 j - a ring of protection from fire (right hand)
Wands
 u - a wand of random effects (20)
 v - a wand of disintegration (13)
Scrolls
 a - 2 scrolls of enchant weapon {unknown}
 c - a scroll of noise {unknown}
 g - 3 scrolls of remove curse {unknown}
 n - 5 scrolls of identify {unknown}
 o - a scroll of magic mapping {unknown}
 q - 2 scrolls of amnesia {unknown}
 t - a scroll of immolation {unknown}
Potions
 f - a potion of heal wounds
 h - a potion of attraction
 m - a potion of lignification


   Skills:
 + Level 4.0 Fighting
 + Level 4.0 Dodging
 - Level 1.7 Stealth
 + Level 5.0 Spellcasting
 * Level 7.0 Conjurations


You had 13 spell levels left.
You knew the following spells:

 Your Spells              Type           Power        Failure   Level
a - Magic Dart            Conj           ####         1%          1
b - Searing Ray           Conj           ####..       1%          2

Your spell library contained the following spells:

 Spells                   Type           Power        Failure   Level
 Dazzling Flash           Conj/Hex       ###...       10%         3
 Fulminant Prism          Conj/Hex       ###.......   30%         4
 Iskenderun's Mystic Bla  Conj/Tloc      ###.....     30%         4


Dungeon Overview and Level Annotations

Branches:
Dungeon (5/15)
 Temple: D:4-7

Altars:
Elyvilon
Gozag
Makhleb
Nemelex Xobeh


Innate Abilities, Weirdness & Mutations

You can breathe bolts of dispelling energy.
Your rich purple scales are hard. (AC +6)
You cannot fit into any form of body armour.
You are cold-blooded and may be slowed by cold attacks.


Message History

Unknown command.
You sock the ogre!
You feel better.
The ogre is moderately wounded.
The ogre hits you with a +0 giant club!!
* * * LOW HITPOINT WARNING * * *
You sock the ogre! You burn the ogre.
The ogre is severely wounded.
The ogre barely misses you.
Unknown command.
Press: ? - help, Shift-Dir - straight line, f - ogre
Aim: an ogre, wielding a +0 giant club (severely wounded)
You breathe a bolt of dispelling energy.
The bolt of dispelling energy hits the ogre.
The ogre is almost dead.
The ogre hits you with a +0 giant club.
* * * LOW HITPOINT WARNING * * *
You barely miss the ogre.
The ogre is almost dead.
The ogre hits you with a +0 giant club!!
You die...

...# #..# ...# #
#..# .. #(.##
#.## # ...#
#.....## #†.#
##....#.# #).#
.(......# #@.#
#.<########O.#
#..........).#
#.###........#
#.###.##.##......
#.....#...#.##.##
#####.......# ..#
#..#...#.......
.....##.#.##...#.


You could see an ogre.

Vanquished Creatures
  Grinder (D:4)
  A centaur (D:5)
  Blork the orc (D:5)
  A scorpion (D:4)
  3 howler monkeys
  Crazy Yiuf (D:2)
  An orc wizard (D:4)
  Natasha (twice) (D:3)
  Terence (D:2)
  3 worker ants (D:4)
  A hound skeleton (D:4)
  6 adders
  4 gnolls (D:3)
  3 oozes (D:1)
  4 worms
  2 dart slugs
  2 leopard geckos
  11 orcs
  7 bats
  A giant cockroach (D:1)
  3 goblins
  8 hobgoblins
  6 jackals
  A quokka (D:3)
  A ball python (D:1)
  6 frilled lizards
  9 kobolds
  12 rats
102 creatures vanquished.

Notes
Turn   | Place    | Note
-------+----------+-------------------------------------------
     0 | D:1      | streetpizza the Draconian Conjurer began the quest for the
                  | Orb.
     0 | D:1      | Reached XP level 1. HP: 14/14 MP: 3/3
   364 | D:1      | Reached XP level 2. HP: 13/22 MP: 0/5
   377 | D:1      | Learned a level 2 spell: Searing Ray
   722 | D:1      | Reached skill level 1 in Fighting
   855 | D:1      | Reached XP level 3. HP: 23/28 MP: 6/6
  1352 | D:2      | Noticed Terence
  1359 | D:2      | Killed Terence
  1623 | D:2      | Reached XP level 4. HP: 35/35 MP: 7/7
  1730 | D:2      | Found a runed translucent door.
  1731 | D:2      | Noticed Crazy Yiuf
  1739 | D:2      | Killed Crazy Yiuf
  2165 | D:3      | Reached skill level 5 in Conjurations
  2396 | D:3      | Reached XP level 5. HP: 36/41 MP: 9/9
  2751 | D:3      | Found an opulent altar of Gozag.
  2796 | D:3      | Found a burning altar of Makhleb.
  2796 | D:3      | Noticed a blizzard demon
  3026 | D:3      | Noticed Natasha
  3029 | D:3      | Killed Natasha
  3256 | D:3      | Noticed Natasha
  3266 | D:3      | Killed Natasha
  3267 | D:3      | Reached XP level 6. HP: 46/50 MP: 10/10
  3437 | D:4      | Noticed Grinder
  3609 | D:4      | Reached skill level 6 in Conjurations
  3873 | D:4      | Killed Grinder
  3874 | D:4      | Your scales start taking on a rich purple colour.
  3874 | D:4      | Reached XP level 7. HP: 39/57 MP: 13/13
  4197 | D:4      | Found a sparkling altar of Nemelex Xobeh.
  4206 | D:4      | Found a white marble altar of Elyvilon.
  4608 | D:4      | HP: 2/58 [poisoned by a scorpion]
  4877 | D:5      | Entered Level 5 of the Dungeon
  4890 | D:5      | Noticed Blork the orc
  4902 | D:5      | Killed Blork the orc
  4903 | D:5      | Reached skill level 5 in Spellcasting
  4903 | D:5      | Reached skill level 7 in Conjurations
  4905 | D:5      | HP: 1/59 [ogre/+0 giant club (5)]
  4906 | D:5      | Annihilated by an ogre

Illustrated notes

Levels and vault maps discovered:
D:1:      dpeg_arrival_tiny_a, layout_basic
D:2:      layout_basic, uniq_crazy_yiuf_cottage, uniq_terence
D:3:      layout_loops_cross, makhleb_altar_promises_db,
          chequers_serial_rivers_small_b, chequers_serial_rivers_large_a,
          nicolae_gozag_seed_capital, uniq_natasha
D:4:      layout_basic, amethyst_overflow_temple_binary, uniq_grinder
D:5:      layout_loops_ring, kennysheep_mini, portal_sewer_entry_a,
          serial_rivers, chequers_serial_rivers_micro_c,
          chequers_serial_rivers_room_b, chequers_serial_rivers_small_3,
          chequers_serial_rivers_micro_d, chequers_serial_rivers_micro_b,
          serial_shops, nicolae_shop_window_shopping,
          hangedman_decor_clover_reticule, uniq_duvessa, uniq_blork_the_orc,
          uniq_prince_ribbit1

Skill      XL: |  1  2  3  4  5  6  7 |
---------------+----------------------+-----
Dodging        | 2 3 4 |  4.0
Fighting       | 1 2 3 4 |  4.0
Conjurations   | 5 6 7 |  7.0
Spellcasting   | 3 4 5 |  5.0
Stealth        | |  1.7

Action                   |  1- 3 |  4- 6 |  7- 9 || total
-------------------------+-------+-------+-------++-------
Melee: Unarmed           |    30 |       |       ||    30
       Mace              |    64 |     8 |       ||    72
       Tailslap          |     6 |    14 |     4 ||    24
       Quarterstaff      |       |   151 |    32 ||   183
 Cast: Magic Dart        |    11 |       |       ||    11
       Searing Ray       |     1 |     2 |     1 ||     4
 Abil: Breathe Dispellin |       |       |     1 ||     1
  Use: Potion            |       |       |     6 ||     6
 Stab: Sleeping          |     3 |     1 |       ||     4
       Paralysed         |       |     2 |       ||     2
Armor: Skin              |    27 |    55 |     4 ||    86
Dodge: Dodged            |    58 |    97 |    19 ||   174

Table legend: (Time is in decaauts)
 A = Elapsed time spent in this place.
 B = Non-inter-level travel time spent in this place.
 C = Inter-level travel time spent in this place.
 D = Time resting spent in this place.
 E = Time spent auto-exploring this place.
 F = Levels seen in this place.
 G = Mean time per level.
                   A        B        C        D        E       F      G
               +--------+--------+--------+--------+--------+-----+--------+
         Total |   5003 |   4865 |    138 |    197 |   3786 |   5 | 1000.6 |
       Dungeon |   5003 |   4865 |    138 |    197 |   3786 |   5 | 1000.6 |
               +--------+--------+--------+--------+--------+-----+--------+

Top non-repeatable levels by time:
     D:4: 1536 daAuts
     D:1: 1371 daAuts
     D:3: 1244 daAuts
     D:2: 820 daAuts
     D:5: 31 daAuts
